 Dungeon Crawl Stone Soup version 0.27.1 (webtiles) character file.

Game seed: 14874120022144837291

46 Mesmaeker13 the Grasshopper (level 3, 0/30 HPs)
             Began as a Ghoul Warper on Aug 22, 2021.
             Slain by Natasha (6 damage)
             ... on level 2 of the Dungeon.
             The game lasted 00:01:28 (1412 turns).

Mesmaeker13 the Grasshopper (Ghoul Warper)          Turns: 1412, Time: 00:01:29

Health: 0/30       AC:  7    Str: 14    XL:     3   Next: 68%
Magic:  4/4        EV: 11    Int:  9    God:
Gold:   61         SH:  0    Dex:  8    Spells: 5/5 levels left

rFire    . . .     SeeInvis .   g - +2 dagger (venom)
rCold    + . .     Faith    .   (no shield)
rNeg     + + +     Spirit   .   a - +0 leather armour
rPois    ∞         Reflect  .   (no helmet)
rElec    .         Harm     .   (no cloak)
rCorr    .         Rampage  .   (no gloves)
Will     .....                  (no boots)
Stlth    +.........             (no amulet)
HPRegen  0.00/turn              h - +4 ring of protection
MPRegen  0.09/turn              (no ring)

@: inhibited regen
A: claws 1, cold resistance 1, negative energy resistance 3, inhibited
regeneration, torment resistance 2
a: no special abilities


You were on level 2 of the Dungeon.
You visited 1 branch of the dungeon, and saw 2 of its levels.

You collected 61 gold pieces.

Inventory:

Hand Weapons
 g - a +2 dagger of venom (weapon)
Missiles
 c - 5 boomerangs of dispersal
 e - 12 poisoned darts (quivered)
Armour
 a - a +0 leather armour (worn)
Jewellery
 h - a +4 ring of protection (left claw)
Scrolls
 b - a scroll of blinking
 i - 2 scrolls of identify {unknown}
 j - 2 scrolls of enchant weapon
Potions
 d - 3 potions of curing {unknown}
 f - a potion of haste {unknown}
 k - a potion of lignification {unknown}


   Skills:
 + Level 2.8 Fighting
 - Level 0.8 Throwing
 - Level 0.8 Armour
 + Level 2.3 Dodging
 + Level 2.8 Unarmed Combat
 - Level 1.7 Spellcasting
 + Level 3.1 Translocations


You had 5 spell levels left.
You didn't know any spells.
Your spell library contained the following spells:

 Spells                   Type           Power      Damage    Failure   Level
 Blink                    Tloc           N/A        N/A       17%         2
 Gell's Gravitas          Tloc           3%         N/A       34%         3
 Lesser Beckoning         Tloc           3%         N/A       34%         3
 Teleport Other           Tloc           6%         N/A       34%         3
 Passwall                 Tmut/Erth      0%         N/A       54%         2
 Swiftness                Air            0%         N/A       77%         3
 Manifold Assault         Tloc           6%         N/A       97%         5
 Invisibility             Hex            0%         N/A       100%        6


Dungeon Overview and Level Annotations

Branches:
Dungeon (2/15)

Altars:
Nemelex Xobeh

Annotations:
D:2 Natasha


Innate Abilities, Weirdness & Mutations

You thrive by killing the living.
You are immune to poison.
You have sharp fingernails.
Your flesh is cold resistant. (rC+)
You are immune to negative energy. (rN+++)
You do not regenerate when monsters are visible.
You are immune to unholy pain and torment.


Message History

You scratch the kobold but do no damage.
The kobold hits you with a +0 short sword.
You closely miss the kobold.
The kobold hits you with a +0 short sword.
You scratch the kobold but do no damage.
The kobold hits you with a +0 short sword.
You scratch the kobold.
You kill the kobold!
You feel better.
No target in view!
You start resting.
HP restored.
Things that are here:
a +0 short sword; a kobold corpse You open the door.
There is an open door here.
Found a stone staircase leading down.
Natasha, Servant of Life and Death comes into view.
Natasha hisses angrily.
There is a stone staircase leading down here.
Natasha is nearby!
Found a gold wand.
Natasha casts a spell at you. The magic dart hits you!
You closely miss Natasha. Natasha claws you.
You barely miss Natasha. Natasha claws you but does no damage.
You barely miss Natasha. Natasha barely misses you.
Your +2 dagger of venom begins to drip with poison!
g - a +2 dagger of venom (weapon)
Natasha claws you but does no damage.
You closely miss Natasha. Natasha claws you.
You barely miss Natasha. Natasha claws you.
* * * LOW HITPOINT WARNING * * *
You closely miss Natasha. Natasha misses you.
You closely miss Natasha. Natasha claws you.
* * * LOW HITPOINT WARNING * * *
You hit Natasha.
Natasha is poisoned.
Natasha is moderately wounded.
Natasha claws you.
You die...

..#.#......##.# #. ####
#.#.#.........# #.
.....##.#.#.##...######.
.../......#..+...'..#...
.....##...#..#...##.###.
........>.#..######.....
######.#.#..###########
#.#.#..........
#@#.##.######## #h#....#
#.###### #.# #.# #.# #.#
...


You could see Natasha (very poisoned).

Vanquished Creatures
  A gnoll (D:1)
  2 ball pythons (D:1)
  5 endoplasms (D:1)
  5 goblins (D:1)
  A hobgoblin (D:1)
  7 jackals (D:1)
  6 kobolds
  2 bats (D:1)
  2 frilled lizards (D:1)
  A rat (D:1)
32 creatures vanquished.

Notes
Turn   | Place    | Note
-------+----------+-------------------------------------------
     0 | D:1      | Mesmaeker13 the Ghoul Warper began the quest for the Orb.
     0 | D:1      | Reached XP level 1. HP: 17/17 MP: 2/2
    39 | D:1      | Found a faded altar of an unknown god.
   169 | D:1      | Reached XP level 2. HP: 20/25 MP: 3/3
   621 | D:1      | Reached skill level 3 in Translocations
   621 | D:1      | Reached XP level 3. HP: 19/30 MP: 4/4
  1048 | D:1      | Found a sparkling altar of Nemelex Xobeh.
  1400 | D:2      | Noticed Natasha
  1412 | D:2      | Slain by Natasha

Illustrated notes

Levels and vault maps discovered:
D:1:      sevenhm_arrival_forest_fort_small_6, layout_basic,
          ebering_ecumenical_altar_mist, serial_bayou_crossing
D:2:      minmay_inner_zag, layout_basic, minmay_stone_trees_small,
          kennysheep_flooded_box, chequers_garden, uniq_natasha, uniq_terence

Skill      XL: |  1  2 |
---------------+-------+-----
Dodging        | 2 |  2.3
Translocations | 3 |  3.1
Fighting       | |  2.8
Throwing       | |  0.8
Armour         | |  0.8
Unarmed Combat | |  2.8
Spellcasting   | |  1.7

Action                   || total
-------------------------++-------
Melee: Unarmed           ||    98
       Dagger            ||     5
Throw: Dart              ||     2
  Use: Scroll            ||     1
Armor: Leather armour    ||    20
Dodge: Dodged            ||    42
